 Dungeon Crawl Stone Soup version 0.24-a0-361-g57161393b2 (webtiles) character file.

Game seed: 11495736339042045799

1670 ohad the Martial Artist (level 9, -2/57 HPs)
             Began as an Octopode Transmuter on May 26, 2019.
             Was an Initiate of Gozag.
             Slain by Harold
             ... wielding a +0 hand axe of flaming
              (7 damage)
             ... on level 7 of the Dungeon.
             The game lasted 00:17:24 (7504 turns).

ohad the Martial Artist (Octopode Transmuter)       Turns: 7504, Time: 00:17:25

Health: -2/57      AC:  2    Str:  9    XL:     9   Next: 1%
Magic:  12/14      EV: 21    Int: 19    God:    Gozag
Gold:   191        SH:  0    Dex: 17    Spells: 5/15 levels left

rFire    . . .     SeeInvis .     - Unarmed
rCold    . . .     Gourm    .   (shield currently unavailable)
rNeg     . . .     Faith    .   (helmet currently unavailable)
rPois    x         Spirit   .   o - amulet of rage
rElec    .         Reflect  .   j - ring of wizardry
rCorr    .         Harm     .   (no ring)
MR       .....                  (no ring)
Stlth    ++........             (no ring)
HPRegen  0.19/turn              (no ring)
MPRegen  0.14/turn              (no ring)
                                (no ring)
                                (no ring)

@: spider-form (expiring), gold aura, lightly drained
A: tiny, almost no armour, stealthy swim, (amphibious), 8 rings, (constrict 8)
a: End Transformation, Potion Petition, Call Merchant, Bribe Branch, Renounce
Religion, Evoke Berserk Rage


You were on level 7 of the Dungeon.
You worshipped Gozag.
Gozag was aware of your devotion.
You were very hungry.
You were a venomous arachnid creature.
You visited 2 branches of the dungeon, and saw 8 of its levels.
You also visited: Ossuary.

You collected 902 gold pieces.
You spent 650 gold pieces at shops.
You paid 61 gold pieces to Gozag.

Inventory:

Missiles
 a - 105 arrows
 p - a throwing net (quivered)
 z - 19 poisoned darts
Armour
 h - a +0 buckler
Magical Staves
 q - an uncursed staff of power {unknown}
Jewellery
 g - an uncursed ring of fire
 j - a ring of wizardry (left front leg)
 o - an amulet of rage (around neck)
Wands
 y - a wand of disintegration (7)
Scrolls
 b - 3 scrolls of identify
 d - 4 scrolls of amnesia
 f - 8 scrolls of teleportation
 i - a scroll of blinking
 k - 2 scrolls of enchant armour {unknown}
 l - 2 scrolls of fog
 m - 6 scrolls of remove curse
 n - 4 scrolls of enchant weapon
 s - 4 scrolls of immolation {unknown}
 w - a scroll of magic mapping {unknown}
 x - a scroll of torment {unknown}
Potions
 r - 3 potions of curing
 u - 2 potions of might
 v - 3 potions of flight
Comestibles
 c - 12 rations


   Skills:
 - Level 3.4(3.2) Fighting
 - Level 3.2(3.0) Dodging
 - Level 2.2(2.0) Stealth
 + Level 8.2(7.9) Unarmed Combat
 - Level 3.7(3.5) Spellcasting
 - Level 4.7(4.5) Transmutations
 - Level 1.4(1.2) Ice Magic
 - Level 2.5(2.3) Evocations


You had 5 spell levels left.
You knew the following spells:

 Your Spells              Type           Power        Failure   Level  Hunger
a - Beastly Appendage     Tmut           ###...       3%          1    None
b - Sticks to Snakes      Tmut           ###.....     4%          2    ##.....
c - Spider Form           Tmut/Pois      ##........   16%         3    ###....
d - Ice Form              Ice/Tmut       ##......     32%         4    ####...

Your spell library contained the following spells:

 Spells                   Type           Power        Failure   Level  Hunger
 Confusing Touch          Hex            #.....       13%         1    None
 Confuse                  Hex            #.......     32%         3    ###....
 Gell's Gravitas          Tloc           #.........   32%         3    ###....
 Petrify                  Tmut/Erth      ##......     38%         4    ####...
 Blade Hands              Tmut           ###.......   41%         5    ######.
 Yara's Violent Unravell  Hex/Tmut       ##........   67%         5    ######.
 Metabolic Englaciation   Hex/Ice        #.........   86%         5    ######.


Dungeon Overview and Level Annotations

Branches:
Dungeon (7/15)             Temple (1/1) D:4

Altars:
Ashenzari
Dithmenos
Elyvilon
Fedhas
Gozag
Kikubaaqudgha
Makhleb
Okawaru
Ru
Trog
Uskayaw
Xom
Yredelemnul
Zin

Annotations:
D:7 2 transporters, Harold; Yorgos's ghost, novice SpSk


Innate Abilities, Weirdness & Mutations

You cannot wear most types of armour.
You are very stealthy in the water. (Stealth+)
((You are amphibious.))
You can wear up to eight rings at the same time.
((You can use your tentacles to constrict eight enemies at once.))
((Your skin changes colour to match your surroundings (Stealth+).))
((Your rubbery body absorbs attacks. (AC +1, EV +1)))


Message History

You kill the gnoll shaman!
You have reached level 9!
Your experience leads to an increase in your attributes!
Your base attributes are Str 9, Int 18, Dex 12.
Increase (S)trength, (I)ntelligence, or (D)exterity?
You feel clever.
The gnoll becomes distracted by the nearby gold, dreaming of imaginary riches.
Harold hits you with a +0 hand axe of flaming!
Harold burns you.
The gnoll shouts!
The gnoll misses you. Harold misses you.
The gnoll becomes distracted by the nearby gold, dreaming of imaginary riches.
Your transformation is almost over.
There is a stone staircase leading up here.
Harold says, "Let's make it quick, okay?
I've got mouths to feed."
Harold hits you with a +0 hand axe of flaming!!
* * * LOW HITPOINT WARNING * * *
Harold burns you!
You die...
Your body crumbles into a pile of gold.

#.. #... $ ##... ##
####...# ..###. .......#
..##... # #.>..##
g...#...## ###
#.....####..# ...... #.##
#....s@#.g# #.....
##.###....##g.# ##..#..##
##)#...####..# #...# #..
#....## ##.#####...# #..
###....######$#......>###..
#.........##..g..#......#..
###..........#.###......#..
#.........###.##......#..
#.#.......## #..#.........


You could see Harold and a gnoll.

Vanquished Creatures
  2 sky beasts (D:6)
  2 phantoms
  A centaur (D:6)
  3 ogres
  3 wights (D:6)
  A crimson imp (D:7)
  A human zombie (Ossuary)
  4 orc wizards
  2 gnoll shamans (D:7)
  An iguana (D:6)
  2 worker ants
  4 big kobold zombies (Ossuary)
  3 hound zombies (Ossuary)
  A hound skeleton (D:6)
  4 mummies (Ossuary)
  A howler monkey zombie (D:5)
  8 gnolls
  A howler monkey skeleton (D:5)
  11 adders
  A shadow imp (D:6)
  An ooze (D:4)
  An adder skeleton (D:4)
  3 dart slugs
  2 leopard geckos
  8 orcs
  6 bats
  4 giant cockroaches
  7 goblins
  5 hobgoblins
  10 jackals
  2 quokkas
  6 frilled lizards
  A goblin zombie (D:4)
  A hobgoblin zombie (Ossuary)
  A jackal zombie (D:5)
  A kobold (D:3)
  2 kobold zombies (Ossuary)
  A leopard gecko zombie (D:5)
  A quokka skeleton (D:5)
  A quokka zombie (D:6)
  5 rats
  2 rat zombies
127 creatures vanquished.

Vanquished Creatures (collateral kills)
  An ogre (D:5)
  A jackal (D:5)
2 creatures vanquished.

Grand Total: 129 creatures vanquished

Notes
Turn   | Place    | Note
-------+----------+-------------------------------------------
     0 | D:1      | ohad the Octopode Transmuter began the quest for the Orb.
     0 | D:1      | Reached XP level 1. HP: 13/13 MP: 3/3
   169 | D:1      | You fall into a shaft and drop 1 floor!
   405 | D:2      | Reached XP level 2. HP: 13/18 MP: 3/5
   884 | D:1      | Learned a level 2 spell: Sticks to Snakes
   984 | D:1      | Reached XP level 3. HP: 22/23 MP: 4/6
  1569 | D:2      | Learned a level 3 spell: Spider Form
  2121 | D:3      | Reached XP level 4. HP: 28/28 MP: 8/8
  2457 | D:3      | Found a white marble altar of Elyvilon.
  2626 | D:3      | Learned a level 4 spell: Ice Form
  2808 | D:4      | Reached skill level 1 in Ice Magic
  2808 | D:4      | Reached XP level 5. HP: 33/33 MP: 6/10
  2850 | D:4      | Found a staircase to the Ecumenical Temple.
  2876 | Temple   | Entered the Ecumenical Temple
  2915 | Temple   | Became a worshipper of Gozag Ym Sagoz the Greedy
  2978 | D:4      | Found a sand-covered staircase.
  2987 | Ossuary  | Entered an ossuary
  3035 | Ossuary  | Reached XP level 6. HP: 12/42 MP: 11/11
  3939 | D:4      | Reached XP level 7. HP: 36/46 MP: 4/12
  4017 | D:4      | Found a bloodstained altar of Trog.
  4226 | D:4      | Reached skill level 1 in Evocations
  4499 | D:5      | Entered Level 5 of the Dungeon
  4505 | D:5      | Reached skill level 1 in Stealth
  4801 | D:5      | Reached skill level 4 in Unarmed Combat
  4801 | D:5      | Reached XP level 8. HP: 21/52 MP: 6/13
  5371 | D:5      | Reached skill level 5 in Unarmed Combat
  5416 | D:5      | Found an ancient bone altar of Kikubaaqudgha.
  5932 | D:6      | Found a shattered altar of Ashenzari.
  5950 | D:6      | Reached skill level 6 in Unarmed Combat
  6411 | D:6      | Reached skill level 7 in Unarmed Combat
  6742 | D:7      | Found Guotaun's Food Shoppe.
  6865 | D:7      | Reached skill level 8 in Unarmed Combat
  7105 | D:7      | Bought a ration for 65 gold pieces
  7105 | D:7      | Bought a ration for 65 gold pieces
  7105 | D:7      | Bought a ration for 65 gold pieces
  7105 | D:7      | Bought a ration for 65 gold pieces
  7105 | D:7      | Bought a ration for 65 gold pieces
  7105 | D:7      | Bought a ration for 65 gold pieces
  7105 | D:7      | Bought a ration for 65 gold pieces
  7105 | D:7      | Bought a ration for 65 gold pieces
  7105 | D:7      | Bought a ration for 65 gold pieces
  7105 | D:7      | Bought a ration for 65 gold pieces
  7141 | D:7      | Found a transporter.
  7142 | D:7      | Noticed Yorgos's ghost (novice SpSk)
  7148 | D:7      | Noticed a wyvern
  7154 | D:7      | Noticed Harold
  7166 | D:7      | Found a transporter.
  7171 | D:7      | Noticed a moth of wrath
  7171 | D:7      | Noticed a hippogriff
  7500 | D:7      | Reached XP level 9. HP: 43/57 MP: 11/14
  7504 | D:7      | Slain by Harold

Levels and vault maps discovered:
D:1:      lightli_arrival_quake, layout_basic, serial_bayou_lagoon_a,
          chequers_serial_rivers_large_a, minmay_indecisive_spiral
D:2:      layout_rooms, kennysheep_big_empty_room
D:3:      layout_loops_corners, lemuel_round_altar, first_ration
D:4:      layout_cave_pools, bloody_trog, minmay_temple_entry_mist,
          enter_ossuary_4
D:5:      layout_cave_pools, lemuel_doored_altar
D:6:      layout_basic, grunt_ministairs_1, cheibrodos_ashenzari_chains
D:7:      layout_layer_cave, gammafunk_ghost_berserking_beasts, serial_shops,
          nicolae_shop_crystal, uniq_harold, uniq_prince_ribbit1
Temple:   regret_index_temple_waves

Skill      XL: |  1  2  3  4  5  6  7  8 |
---------------+-------------------------+-----
Transmutations | 3 4 |  4.7
Spellcasting   | 3 |  3.7
Ice Magic      | 1 |  1.4
Fighting       | 3 |  3.4
Dodging        | 3 |  3.2
Evocations     | 2 |  2.5
Stealth        | 2 |  2.2
Unarmed Combat | 4 8 |  8.2

Action                   |  1- 3 |  4- 6 |  7- 9 || total
-------------------------+-------+-------+-------++-------
Melee: Unarmed           |    99 |   112 |   172 ||   383
       Constrict         |    23 |     7 |    15 ||    45
       Tentacles         |    14 |     3 |    11 ||    28
       Kick              |    10 |     3 |     3 ||    16
       Punch             |     1 |     2 |     2 ||     5
 Cast: Beastly Appendage |    12 |     7 |     3 ||    22
       Spider Form       |       |     3 |     5 ||     8
       Ice Form          |       |     7 |    12 ||    19
       Sticks to Snakes  |       |       |     3 ||     3
Invok: Potion Petition   |       |     1 |       ||     1
  Use: Scroll            |       |     9 |     6 ||    15
       Potion            |       |       |     2 ||     2
 Stab: Sleeping          |     5 |     2 |     5 ||    12
       Distracted        |       |       |     1 ||     1
  Eat: Chunk             |     4 |     4 |       ||     8
       Ration            |       |     1 |     4 ||     5
Armor: Skin              |    14 |    26 |    22 ||    62
Dodge: Dodged            |    56 |    68 |    98 ||   222

Table legend:
 A = Non-vault XP
 B = Vault XP
 C = Vault XP percentage of total XP
 D = Non-vault monster count
 E = Vault monster count
 F = Vault count percentage of total count
                 A         B        C        D         E       F
            +---------+---------+-------+---------+---------+-------
      Total |    2073 |     313 |  13.1 |     105 |      24 |  18.6
            +---------+---------+-------+---------+---------+-------
        D:1 |      16 |       8 |  33.3 |       8 |       4 |  33.3
        D:2 |      38 |       0 |   0.0 |      20 |       0 |   0.0
        D:3 |      81 |       0 |   0.0 |      13 |       0 |   0.0
        D:4 |     421 |       2 |   0.5 |      17 |       2 |  10.5
        D:5 |     527 |       0 |   0.0 |      21 |       0 |   0.0
        D:6 |     662 |      13 |   1.9 |      17 |       2 |  10.5
        D:7 |     328 |       0 |   0.0 |       9 |       0 |   0.0
    Ossuary |       0 |     290 | 100.0 |       0 |      16 | 100.0
            +---------+---------+-------+---------+---------+-------
